 Dungeon Crawl Stone Soup version 0.25-a0-302-g9f758675c1 (webtiles) character file.

Game seed: 2886633031727117562, levelgen mode: deterministic

157 DerDa the Firebug (level 5, 0/31 HPs)
             Began as an Octopode Fire Elementalist on Dec 20, 2019.
             Slain by an orc wizard
             ... wielding a +0 dagger
              (5 damage)
             ... on level 3 of the Dungeon.
             The game lasted 00:14:24 (2985 turns).

DerDa the Firebug (Octopode Fire Elementalist)      Turns: 2985, Time: 00:14:24

Health: 0/31       AC:  1    Str:  7    XL:     5   Next: 38%
Magic:  6/10       EV: 19    Int: 18    God:
Gold:   102        SH:  0    Dex: 18    Spells: 10/11 levels left

rFire    . . .     SeeInvis .   p - +4 whip (flame)
rCold    + . .     Gourm    .   (no shield)
rNeg     . . .     Faith    .   (helmet restricted)
rPois    .         Spirit   .   t - amulet of regeneration
rElec    .         Reflect  .   k - ring of flight
rCorr    +         Harm     .   o - ring of protection from cold
MR       .....                  v - ring of resist corrosion
Stlth    +++++.....             (no ring)
HPRegen  0.50/turn              (no ring)
MPRegen  0.12/turn              (no ring)
                                (no ring)
                                (no ring)

@: agile, very slightly contaminated, invisible
A: almost no armour, stealthy swim, amphibious, 8 rings, constrict 8, camouflage
1, gelatinous body 1
a: Evoke Flight


You were on level 3 of the Dungeon.
You were hungry.

You visited 1 branch of the dungeon, and saw 4 of its levels.

You collected 102 gold pieces.

Inventory:

Hand Weapons
 m - a +0 hunting sling
 p - a +4 whip of flaming (weapon)
Missiles
 a - 32 poisoned darts
 c - 75 stones (quivered)
 f - 52 bolts
Jewellery
 k - a ring of flight (left tentacle)
 o - a ring of protection from cold (right tentacle)
 t - an amulet of regeneration (around mantle)
 v - a ring of resist corrosion (on tentacle)
Scrolls
 d - a scroll of identify
 g - 2 scrolls of enchant weapon
 l - 3 scrolls of teleportation
 q - a scroll of remove curse
 u - a scroll of fear {unknown}
Potions
 e - 3 potions of resistance
 h - a potion of haste {unknown}
 i - a potion of invisibility
 j - a potion of agility
 n - a potion of curing {unknown}
 r - 2 potions of heal wounds {unknown}
 w - a potion of ambrosia {unknown}
Comestibles
 b - 13 rations


   Skills:
 - Level 2.2 Dodging
 - Level 3.1 Stealth
 - Level 0.4 Unarmed Combat
 * Level 3.5 Spellcasting
 + Level 2.2 Conjurations
 + Level 4.0 Fire Magic


You had 10 spell levels left.
You knew the following spells:

 Your Spells              Type           Power        Failure   Level  Hunger
a - Foxfire               Conj/Fire      ##..         4%          1    None

Your spell library contained the following spells:

 Spells                   Type           Power        Failure   Level  Hunger
 Conjure Flame            Conj/Fire      ##......     13%         3    ###....
 Inner Flame              Hex/Fire       ##......     21%         3    ###....
 Sticky Flame             Conj/Fire      ##......     38%         4    ####...
 Fireball                 Conj/Fire      ##........   75%         5    ######.


Dungeon Overview and Level Annotations

Branches:
Dungeon (4/15)
 Temple: D:4-7

Altars:
Ashenzari
Qazlal

Annotations:
D:2 1 runed translucent door, Crazy Yiuf


Innate Abilities, Weirdness & Mutations

You cannot wear most types of armour.
You are very stealthy in the water. (Stealth+)
You are amphibious.
You can wear up to eight rings at the same time.
You can use your tentacles to constrict eight enemies at once.
Your skin changes colour to match your surroundings (Stealth+).
Your rubbery body absorbs attacks. (AC +1, EV +1)


Message History

You closely miss something. Something hits you.
You barely miss something. Something hits you.
You hit something but do no damage.
You hear some strange, mumbled words.
Something tries to affect you, but you resist.
You hear some strange, mumbled words.
A magic dart appears from out of thin air!
The magic dart hits you!
* * * LOW HITPOINT WARNING * * *
It was a potion of invisibility.
You fade into invisibility!
Something hits you but does no damage.
You are very lightly contaminated with residual magic.
You closely miss something. Something hits you.
* * * LOW HITPOINT WARNING * * *
It was a potion of agility.
You feel agile all of a sudden. Something barely misses you.
You miss something. Something hits you.
You die...

.#...............#..# #.#
......####........#.# #.#
##.##.####.#####.##.# #.#
...........#####.##.# #.#
#####.###.)......##.# #.# #
#.# #.#########.# #.# # #.#
#.# #.# #.# # #.#
#.#########.## #.# # #.#
#.#....{@....#######.#
#####.###.#.#######..##......#
......<..)..##### #..##)######
.#..............# #..##.#
.......###..###.# #..##.#
.......# #..###.###>.##.#
.......###...........##.#####
............................#
......###.....#.####.##.###.#


There were no monsters in sight!

Vanquished Creatures
  Robin (D:2)
  4 adders
  An ooze (D:2)
  5 worms
  3 dart slugs
  3 leopard geckos
  3 orcs (D:3)
  6 giant cockroaches
  15 goblins
  6 hobgoblins
  2 jackals (D:2)
  6 kobolds
  A quokka (D:2)
  10 bats
  4 frilled lizards
  5 rats
75 creatures vanquished.

Vanquished Creatures (others)
  182 foxfires
182 creatures vanquished.

Grand Total: 257 creatures vanquished

Notes
Turn   | Place    | Note
-------+----------+-------------------------------------------
     0 | D:1      | DerDa the Octopode Fire Elementalist began the quest for
                  | the Orb.
     0 | D:1      | Reached XP level 1. HP: 11/11 MP: 3/3
   113 | D:1      | Reached XP level 2. HP: 17/17 MP: 3/5
   378 | D:1      | Reached XP level 3. HP: 18/21 MP: 3/6
  1179 | D:2      | Found a runed translucent door.
  1180 | D:2      | Noticed Crazy Yiuf
  1210 | D:2      | Noticed Robin
  1267 | D:1      | Reached XP level 4. HP: 20/27 MP: 4/8
  1500 | D:2      | Killed Robin
  1582 | D:2      | Noticed an earth elemental
  1588 | D:2      | Found a stormy altar of Qazlal.
  1589 | D:2      | Noticed a fire elemental
  1589 | D:2      | Noticed a water elemental
  1589 | D:2      | Noticed an air elemental
  1642 | D:2      | Found a shattered altar of Ashenzari.
  2340 | D:3      | Reached XP level 5. HP: 31/31 MP: 4/9
  2559 | D:3      | Reached skill level 4 in Fire Magic
  2985 | D:3      | Slain by an orc wizard

Levels and vault maps discovered:
D:1:      saegor_arrival_simple_e, layout_loops_corners
D:2:      layout_basic, nicolae_qazlal_style_of_elements,
          evilmike_ruin_ashenzari, uniq_crazy_yiuf_cottage, uniq_robin
D:3:      layout_loops_ring, first_ration
D:4:      layout_rooms, nemelex_altar_shiori, portal_sewer_entry_e

Skill      XL: |  1  2  3  4  5 |
---------------+----------------+-----
Stealth        | 3 |  3.1
Spellcasting   | 3 |  3.5
Conjurations   | 2 |  2.2
Fire Magic     | 4 |  4.0
Dodging        | |  2.2
Unarmed Combat | |  0.4

Action                   |  1- 3 |  4- 6 || total
-------------------------+-------+-------++-------
Melee: Unarmed           |     3 |       ||     3
       Tentacles         |     3 |     1 ||     4
       Hand axe          |    16 |     3 ||    19
       Constrict         |     4 |     2 ||     6
       Whip              |       |    21 ||    21
 Cast: Foxfire           |    45 |    63 ||   108
  Use: Scroll            |     5 |     1 ||     6
       Potion            |       |     2 ||     2
 Stab: Sleeping          |     1 |     2 ||     3
  Eat: Chunk             |     1 |     5 ||     6
Armor: Skin              |    10 |     4 ||    14
Dodge: Dodged            |    23 |    27 ||    50

Table legend:
 A = Non-vault XP
 B = Vault XP
 C = Vault XP percentage of total XP
 D = Non-vault monster count
 E = Vault monster count
 F = Vault count percentage of total count
                 A         B        C        D         E       F
            +---------+---------+-------+---------+---------+-------
      Total |     187 |      38 |  16.9 |      63 |      12 |  16.0
            +---------+---------+-------+---------+---------+-------
        D:1 |      64 |       2 |   3.0 |      28 |       1 |   3.4
        D:2 |      55 |      36 |  39.6 |      18 |      11 |  37.9
        D:3 |      68 |       0 |   0.0 |      17 |       0 |   0.0
            +---------+---------+-------+---------+---------+-------
